AoeStats
← Fox

Arabia

509333415Analyzed
4v4 RM · 7d ago on Sep 26, 2026· 36m 29s· 8 players
Game mode
Random Map
Map size
Large (8 player)
Population
200
Speed
Normal
Resources
Standard
Victory
Conquest
Starting age
Dark Age
Ending age
Imperial Age
RankedLock teamsTeams togetherTeam positionsShared explorationLock speedFull tech treeHidden civsTurbo modeCheats
Victory
Defeat
🇯🇵 Poles · Japan
774
+11
🇯🇵 Italians · Japan
676
+14
🇯🇵 Bulgarians · Japan
675
+16
🇯🇵 Ethiopians · Japan
658
+15
🇨🇳 Varangians · China
676
-15
🇩🇪 Vietnamese · Germany
648
-14
🇨🇭 Italians · Switzerland
644
-14
🇫🇷 Spanish · France
615
-13
duro-dur8
9:36 Feudal Age
10:59 Loom
14:41 Horse Collar
17:08 Bloodlines
18:10 Scale Barding Armor
21:33 Double-Bit Axe
24:05 Forging
35:22 Castle Age
bobozius
10:23 Feudal Age
10:50 Double-Bit Axe
11:48 Wheelbarrow
12:43 Horse Collar
Fox
3:31 Loom
14:05 Feudal Age
16:15 Double-Bit Axe
16:14 Horse Collar
16:27 Stone Mining
16:30 Gold Mining
LLHKHAIHDIUA
9:54 Feudal Age
10:25 Double-Bit Axe
11:46 Horse Collar
17:54 Loom
20:23 Castle Age
MasaKing#田
0:57 Loom
11:56 Feudal Age
13:41 Scale Mail Armor
14:16 Forging
16:46 Double-Bit Axe
18:21 Town Watch
18:31 Horse Collar
19:31 Fletching
23:42 Wheelbarrow
26:12 Castle Age
24:49 Stone Mining
24:53 Gold Mining
26:10 Scale Barding Armor
26:25 Bloodlines
28:54 Iron Casting
28:35 Chain Mail Armor
29:16 Bow Saw
29:12 Heavy Plow
31:06 Husbandry
33:31 Gold Shaft Mining
33:59 Chain Barding Armor
34:49 Stirrups
MathKing777
4:18 Loom
11:03 Feudal Age
11:46 Double-Bit Axe
11:55 Horse Collar
14:49 Wheelbarrow
17:27 Scale Barding Armor
17:41 Forging
22:25 Castle Age
20:21 Gold Mining
20:23 Stone Mining
21:26 Scale Mail Armor
23:27 Husbandry
23:39 Bloodlines
24:09 Iron Casting
23:59 Heavy Plow
24:44 Bow Saw
24:01 Light Cavalry
26:07 Hand Cart
27:32 Squires
26:53 Pikeman
27:58 Chain Barding Armor
29:32 Chain Mail Armor
30:07 Town Watch
32:52 Szlachta Privileges
32:46 Fletching
32:44 Arson
34:46 Bodkin Arrow
nabeat41
13:15 Feudal Age
14:05 Stone Mining
14:03 Double-Bit Axe
16:11 Wheelbarrow
15:25 Loom
18:15 Forging
17:56 Fletching
18:07 Padded Archer Armor
18:30 Gold Mining
19:14 Horse Collar
20:58 Scale Mail Armor
21:19 Arson
26:18 Castle Age
28:33 Iron Casting
28:14 Chain Mail Armor
28:33 Squires
29:16 Bow Saw
29:13 Heavy Plow
29:34 Hand Cart
MasaKing#Kooo
10:54 Feudal Age
11:34 Double-Bit Axe
11:42 Stone Mining
11:51 Town Watch
11:54 Loom
14:11 Man-at-Arms
19:12 Fletching
19:06 Horse Collar
20:47 Gold Mining
24:38 Castle Age
23:24 Padded Archer Armor
24:19 Forging
24:11 Scale Mail Armor
25:28 Thumb Ring
26:54 Town Patrol
27:28 Masonry
30:11 Stone Shaft Mining
29:27 Crossbowman
30:50 Bow Saw
31:43 Squires
31:29 Arson
32:13 Ballistics
31:49 Murder Holes
31:36 Treadmill Crane
34:36 Bodkin Arrow
34:35 Guard Tower
Connection lost

Rejoining the realm…

Still unreachable

The connection could not be restored.

Session expired

The server has moved on; the page needs a fresh start.